Blues vs Senators

Created - 3 avril 2019 at 20:44

Goals
1 2 3 T
Blues 0 2 1 3
Senators 1 3 0 4
Shots
1 2 3 T
Blues 5 13 14 32
Senators 12 21 10 43

1st period

1. Senators , Rickard Rakell 25 (Mark Stone 53, Adam Larsson 27) at 0:24

Penalties :
Kevan Miller (STL) for Cross-checking (Minor) at 19:59

2nd period

2. Senators , Rickard Rakell 26 (Eric Staal 52, Mark Stone 54) at 0:18 (PP)
3. Blues , Radek Faksa 15 (Gustav Nyquist 20, Thomas Hickey 12) at 2:54 (PP)
4. Blues , Adam Henrique 20 (Chris Wagner 18) at 4:06 (PP)
5. Senators , Eric Staal 47 (Mark Stone 55) at 4:13
6. Senators , Mark Stone 31 (Rickard Rakell 37, Eric Staal 53) at 15:50

Penalties :
Justin Falk (OTT) for Tripping (Minor) at 0:23, Ben Harpur (OTT) for Hooking (Minor) at 2:44, Robert Hagg (OTT) for High sticking (Minor) at 3:26, Johnny Boychuk (STL) for Roughing (Minor) at 5:57, Robert Hagg (OTT) for Roughing (Minor) at 11:20

3rd period

7. Blues , Mike Fisher 12 (Chris Wagner 19, Greg Pateryn 10) at 19:28

Penalties :
Greg Pateryn (STL) for Roughing (Minor) at 6:04, Rickard Rakell (OTT) for Hooking (Minor) at 15:32, Adam Larsson (OTT) for Roughing (Minor) at 19:41

Goalie Stats

Jimmy Howard (STL), 39 saves from 43 shots - (0.907), L, 6-14-1, 59:34 minutes
Craig Anderson (OTT), 29 saves from 32 shots - (0.906), W, 16-22-2, 60:00 minutes

Players Stats for Blues

Player Name              G  A  P  +/- PIM S  H  SB GA TA FO     MP     PP MP  PK MP  
------------------------------------------------------------------------------------
Adam Henrique            1  0  1  -2  0   7  2  1  0  0  12/17  19:05   3:35   0:00 
Anthony Duclair          0  0  0   0  0   0  0  0  0  0  0/0     3:34   0:00   0:00 
Chris Wagner             0  2  2   1  0   3  5  0  0  0  4/5    20:15   3:01   0:00 
Colin Wilson             0  0  0  -2  0   0  2  0  0  0  0/0    15:52   0:34   3:22 
Derrick Pouliot          0  0  0  -1  0   1  3  2  0  0  0/0    21:30   2:51   2:32 
Greg Pateryn             0  1  1   1  2   0  0  0  0  0  0/0     6:32   0:00   0:00 
Gustav Nyquist           0  1  1  -1  0   1  3  0  0  0  0/3    20:19   3:30   0:55 
Johnny Boychuk           0  0  0   0  2   2  0  3  0  0  0/0    24:15   4:14   0:42 
Kevan Miller             0  0  0  -1  2   4  8  1  0  0  0/0    22:59   4:14   1:26 
Kris Versteeg            0  0  0   1  0   2  0  0  0  0  3/3    20:15   3:01   0:00 
Marian Gaborik           0  0  0   0  0   0  0  0  0  0  0/0     0:00   0:00   0:00 
Mike Fisher              1  0  1   1  0   4  0  0  0  0  10/16  17:14   0:00   0:00 
Mikkel Boedker           0  0  0  -1  0   3  3  0  0  0  2/3    20:19   3:30   0:55 
Nathan Beaulieu          0  0  0  -1  0   0  2  0  0  0  0/0    13:20   0:00   1:12 
Pierre-Edouard Bellemare 0  0  0  -2  0   1  0  0  0  0  6/25   15:52   0:34   3:22 
Radek Faksa              1  0  1  -1  0   3  2  0  0  0  17/35  22:58   3:30   0:00 
Thomas Hickey            0  1  1  -1  0   1  2  2  0  0  0/0    21:52   2:51   2:32 
Tobias Enstrom           0  0  0  -1  0   0  2  3  0  0  0/0     9:29   0:00   0:10 

Players Stats for Senators

Player Name              G  A  P  +/- PIM S  H  SB GA TA FO     MP     PP MP  PK MP  
------------------------------------------------------------------------------------
Adam Larsson             0  1  1   1  2   0  3  5  0  0  0/0    26:20   2:49   3:51 
Alexander Wennberg       0  0  0   0  0   2  0  0  0  0  13/23  16:00   1:28   0:00 
Ben Harpur               0  0  0   2  2   2  2  4  0  0  0/0    14:32   0:00   2:12 
Brian Gionta             0  0  0   0  0   0  0  0  0  0  0/0     9:03   0:00   0:00 
Connor Brown             0  0  0   0  0   0  1  0  0  0  1/1     9:21   0:00   0:18 
Connor Carrick           0  0  0   2  0   1  0  0  0  0  0/0    12:21   0:00   0:00 
Daniel Winnik            0  0  0   0  0   1  1  0  0  0  7/19   11:38   0:00   2:22 
Eric Staal               1  2  3   2  0   5  0  0  0  0  24/38  23:10   2:49   0:06 
Jakob Chychrun           0  0  0   1  0   0  0  4  0  0  0/0    26:13   2:49   3:43 
Jason Chimera            0  0  0   0  0   3  2  0  0  0  0/0     9:25   0:00   4:37 
Joel Ward                0  0  0   0  0   0  0  0  0  0  0/1     6:58   0:00   2:10 
Justin Falk              0  0  0  -1  2   0  0  1  0  0  0/0    20:41   1:28   2:38 
Mark Stone               1  3  4   2  0   7  3  0  0  0  1/1    23:04   2:49   0:00 
Matt Stajan              0  0  0   0  0   1  0  0  0  0  5/16    9:38   0:00   4:37 
Patrick Kane             0  0  0   0  0   6  1  0  0  0  0/3    15:47   1:28   0:00 
Rickard Rakell           2  1  3   2  2   6  4  0  0  0  1/3    23:03   2:49   0:00 
Robert Hagg              0  0  0  -1  4   2  4  0  0  0  0/0    19:48   1:28   1:46 
Vladimir Tarasenko       0  0  0   0  0   7  0  0  0  0  1/2    15:47   1:28   0:00 

3 Stars

1 - Mark Stone (OTT)
2 - Rickard Rakell (OTT)
3 - Eric Staal (OTT)

Power Play

Blues - 2 on 6 Attempt(s) - 33.33%
Senators - 1 on 3 Attempt(s) - 33.33%

Penalty Kill

Blues - 2 on 3 Attempt(s) - 66.67% - Score 0 goal in Penalty Kill
Senators - 4 on 6 Attempt(s) - 66.67% - Score 0 goal in Penalty Kill

Team Stat

Blues - Hits : 34 - Faceoff Wins : 54 - Blocked Shots : 12 - Penalty Minutes : 6
Senators - Hits : 21 - Faceoff Wins : 53 - Blocked Shots : 14 - Penalty Minutes : 12

Official

Referees : Mark Lemelin and Tom Chmielewski
Linesman : Mark Wheler and Steve Barton

Game Notes

Tobias Enstrom is injured at 17:20 of 2nd period (Sports Hernia)

Finance

Level 1 -- Attendance: 6341 (97.55%) -- Ticket Income 634 100 $
Level 2 -- Attendance: 4853 (97.06%) -- Ticket Income 291 180 $
Level 3 -- Attendance: 3500 (100.00%) -- Ticket Income 122 500 $
Level 4 -- Attendance: 2524 (80.05%) -- Ticket Income 75 720 $
Luxury Box -- Attendance: 682 (68.20%) -- Ticket Income 170 500 $
Game was played at the Canadian Tire Centre.
Total Attendance: 17900 (93.46%)
Total Ticket Income: 1 294 000 $
Other Income: 634 060 $
Total Income: 1 928 060 $

% Time on Ice - Blues

Lines # - Real PCT - Wanted PCT - Time Play
Normal Forward
1 - 32% - 40% - 15:41
2 - 36% - 30% - 17:14
3 - 25% - 20% - 11:56
4 - 7% - 10% - 3:34
Normal Defense
1 - 30% - 40% - 14:18
2 - 33% - 30% - 16:07
3 - 24% - 20% - 11:27
4 - 14% - 10% - 6:33
PP Forward
1 - 49% - 60% - 3:30
2 - 51% - 40% - 3:35
PP Defense
1 - 60% - 60% - 4:14
2 - 40% - 40% - 2:51
PK Forward
1 - 79% - 60% - 3:22
2 - 21% - 40% - 0:55
PK Defense
1 - 41% - 60% - 1:45
2 - 59% - 40% - 2:32
PK3 Forward
1 - 0% - 60%
2 - 0% - 40%
PK3 Defense
1 - 0% - 60%
2 - 0% - 40%
44 Forward
1 - 0% - 60%
2 - 0% - 40%
44 Defense
1 - 0% - 60%
2 - 0% - 40%
Last Minute Offensive  - 0:13
Last Minute Defensive  - 0:00
Total
Forward - 60:00
Defense - 60:00

% Time on Ice - Senators

Lines # - Real PCT - Wanted PCT - Time Play
Normal Forward
1 - 42% - 40% - 20:15
2 - 30% - 30% - 14:19
3 - 19% - 20% - 9:03
4 - 10% - 10% - 4:48
Normal Defense
1 - 37% - 40% - 17:57
2 - 34% - 30% - 16:36
3 - 26% - 20% - 12:21
4 - 3% - 10% - 1:31
PP Forward
1 - 66% - 60% - 2:49
2 - 34% - 40% - 1:28
PP Defense
1 - 66% - 60% - 2:49
2 - 34% - 40% - 1:28
PK Forward
1 - 69% - 60% - 4:55
2 - 31% - 40% - 2:10
PK Defense
1 - 52% - 60% - 3:43
2 - 48% - 40% - 3:22
PK3 Forward
1 - 0% - 60%
2 - 0% - 40%
PK3 Defense
1 - 0% - 60%
2 - 0% - 40%
44 Forward
1 - 0% - 60%
2 - 0% - 40%
44 Defense
1 - 0% - 60%
2 - 0% - 40%
Last Minute Offensive  - 0:00
Last Minute Defensive  - 0:13
Total
Forward - 60:00
Defense - 60:00

Play-by-Play

1st period


0:01 of 1st period - Radek Faksa wins face-off versus Eric Staal in neutral zone.
0:22 of 1st period - Shot by Mark Stone.
0:22 of 1st period - Shot Misses the Net.
0:24 of 1st period - Shot by Rickard Rakell.
0:24 of 1st period - Goal by Rickard Rakell - Blues : 0 - Senators : 1.
0:25 of 1st period - Chris Wagner wins face-off versus Alexander Wennberg in neutral zone.
1:17 of 1st period - Patrick Kane is hit by Thomas Hickey and loses puck.
1:45 of 1st period - Icing by Thomas Hickey.
1:46 of 1st period - Kris Versteeg wins face-off versus Eric Staal in Blues zone.
1:56 of 1st period - Icing by Jakob Chychrun.
1:57 of 1st period - Radek Faksa wins face-off versus Eric Staal in Senators zone.
2:04 of 1st period - Shot by Mikkel Boedker.
2:04 of 1st period - Stopped by Craig Anderson without a rebound.
2:05 of 1st period - Matt Stajan wins face-off versus Pierre-Edouard Bellemare in Senators zone.
2:09 of 1st period - Jakob Chychrun is hit by Adam Henrique and loses puck.
2:20 of 1st period - Shot by Matt Stajan.
2:20 of 1st period - Stopped by Jimmy Howard with a rebound.
2:22 of 1st period - Shot by Jason Chimera.
2:22 of 1st period - Stopped by Jimmy Howard without a rebound.
2:23 of 1st period - Eric Staal wins face-off versus Radek Faksa in Blues zone.
2:24 of 1st period - Shot by Rickard Rakell.
2:24 of 1st period - Shot Misses the Net.
2:30 of 1st period - Shot by Gustav Nyquist.
2:30 of 1st period - Stopped by Craig Anderson without a rebound.
2:31 of 1st period - Radek Faksa wins face-off versus Eric Staal in Senators zone.
3:07 of 1st period - Icing by Jakob Chychrun.
3:08 of 1st period - Eric Staal wins face-off versus Pierre-Edouard Bellemare in Senators zone.
3:21 of 1st period - Shot by Eric Staal.
3:21 of 1st period - Shot Misses the Net.
3:53 of 1st period - Icing by Ben Harpur.
3:54 of 1st period - Daniel Winnik wins face-off versus Mike Fisher in Senators zone.
4:00 of 1st period - Icing by Chris Wagner.
4:01 of 1st period - Kris Versteeg wins face-off versus Patrick Kane in Blues zone.
4:11 of 1st period - Icing by Robert Hagg.
4:12 of 1st period - Alexander Wennberg wins face-off versus Radek Faksa in Senators zone.
4:12 of 1st period - Vladimir Tarasenko is hit by Mikkel Boedker and loses puck.
4:23 of 1st period - Shot by Vladimir Tarasenko.
4:23 of 1st period - Stopped by Jimmy Howard without a rebound.
4:24 of 1st period - Adam Henrique wins face-off versus Joel Ward in Blues zone.
4:43 of 1st period - Shot by Radek Faksa.
4:43 of 1st period - Shot Blocked by Adam Larsson.
5:44 of 1st period - Mike Fisher is hit by Mark Stone and loses puck.
5:49 of 1st period - Shot by Mark Stone.
5:49 of 1st period - Shot Blocked by Johnny Boychuk.
5:51 of 1st period - Shot by Justin Falk.
5:51 of 1st period - Deflect By Rickard Rakell.
5:51 of 1st period - Shot Blocked by Johnny Boychuk.
5:53 of 1st period - Shot by Rickard Rakell.
5:53 of 1st period - Shot Misses the Net.
6:22 of 1st period - Shot by Vladimir Tarasenko.
6:22 of 1st period - Stopped by Jimmy Howard without a rebound.
6:23 of 1st period - Daniel Winnik wins face-off versus Pierre-Edouard Bellemare in Blues zone.
6:44 of 1st period - Adam Larsson is hit by Colin Wilson.
7:15 of 1st period - Icing by Adam Henrique.
7:16 of 1st period - Pierre-Edouard Bellemare wins face-off versus Alexander Wennberg in Blues zone.
7:32 of 1st period - Shot by Patrick Kane.
7:32 of 1st period - Deflect By Vladimir Tarasenko.
7:32 of 1st period - Shot Misses the Net.
7:36 of 1st period - Shot by Patrick Kane.
7:36 of 1st period - Stopped by Jimmy Howard without a rebound.
7:37 of 1st period - Mark Stone wins face-off versus Gustav Nyquist in Blues zone.
7:47 of 1st period - Icing by Tobias Enstrom.
7:48 of 1st period - Alexander Wennberg wins face-off versus Radek Faksa in Blues zone.
8:10 of 1st period - Shot by Patrick Kane.
8:10 of 1st period - Shot Misses the Net.
8:20 of 1st period - Shot by Patrick Kane.
8:20 of 1st period - Shot Hit the Post.
8:50 of 1st period - Shot by Mike Fisher.
8:50 of 1st period - Shot Misses the Net.
9:15 of 1st period - Mark Stone is hit by Kevan Miller and loses puck.
9:28 of 1st period - Daniel Winnik is hit by Chris Wagner and loses puck.
9:36 of 1st period - Icing by Connor Carrick.
9:37 of 1st period - Daniel Winnik wins face-off versus Pierre-Edouard Bellemare in Senators zone.
10:21 of 1st period - Icing by Connor Carrick.
10:22 of 1st period - Connor Brown wins face-off versus Radek Faksa in Senators zone.
10:22 of 1st period - Connor Brown is hit by Gustav Nyquist.
10:34 of 1st period - Shot by Mikkel Boedker.
10:34 of 1st period - Shot Misses the Net.
10:39 of 1st period - Ben Harpur is hit by Tobias Enstrom and loses puck.
10:47 of 1st period - Icing by Nathan Beaulieu.
10:48 of 1st period - Eric Staal wins face-off versus Radek Faksa in Blues zone.
10:48 of 1st period - Mark Stone is hit by Nathan Beaulieu and loses puck.
10:57 of 1st period - Shot by Eric Staal.
10:57 of 1st period - Stopped by Jimmy Howard without a rebound.
10:58 of 1st period - Mike Fisher wins face-off versus Alexander Wennberg in Blues zone.
11:10 of 1st period - Kris Versteeg is hit by Adam Larsson and loses puck.
12:28 of 1st period - Shot by Mikkel Boedker.
12:28 of 1st period - Stopped by Craig Anderson without a rebound.
12:29 of 1st period - Radek Faksa wins face-off versus Rickard Rakell in Senators zone.
13:08 of 1st period - Shot by Eric Staal.
13:08 of 1st period - Deflect By Mark Stone.
13:08 of 1st period - Stopped by Jimmy Howard without a rebound.
13:09 of 1st period - Mike Fisher wins face-off versus Matt Stajan in Blues zone.
13:19 of 1st period - Icing by Kevan Miller.
13:20 of 1st period - Mike Fisher wins face-off versus Daniel Winnik in Blues zone.
13:35 of 1st period - Off-side.
13:36 of 1st period - Pierre-Edouard Bellemare wins face-off versus Matt Stajan in neutral zone.
13:36 of 1st period - Pierre-Edouard Bellemare is hit by Jason Chimera.
14:00 of 1st period - Joel Ward is hit by Derrick Pouliot and loses puck.
14:51 of 1st period - Shot by Gustav Nyquist.
14:51 of 1st period - Shot Blocked by Ben Harpur.
14:53 of 1st period - Shot by Kevan Miller.
14:53 of 1st period - Stopped by Craig Anderson without a rebound.
14:54 of 1st period - Alexander Wennberg wins face-off versus Mike Fisher in Senators zone.
15:19 of 1st period - Alexander Wennberg is hit by Chris Wagner and loses puck.
15:50 of 1st period - Shot by Connor Carrick.
15:50 of 1st period - Stopped by Jimmy Howard without a rebound.
15:51 of 1st period - Eric Staal wins face-off versus Radek Faksa in Blues zone.
16:07 of 1st period - Icing by Kevan Miller.
16:08 of 1st period - Daniel Winnik wins face-off versus Radek Faksa in Blues zone.
16:08 of 1st period - Daniel Winnik is hit by Kevan Miller.
16:51 of 1st period - Off-side.
16:52 of 1st period - Pierre-Edouard Bellemare wins face-off versus Eric Staal in neutral zone.
16:52 of 1st period - Pierre-Edouard Bellemare is hit by Mark Stone.
17:07 of 1st period - Shot by Mark Stone.
17:07 of 1st period - Shot Misses the Net.
17:11 of 1st period - Shot by Rickard Rakell.
17:11 of 1st period - Shot Misses the Net.
17:17 of 1st period - Shot by Eric Staal.
17:17 of 1st period - Stopped by Jimmy Howard without a rebound.
17:18 of 1st period - Alexander Wennberg wins face-off versus Mike Fisher in Blues zone.
17:27 of 1st period - Shot by Alexander Wennberg.
17:27 of 1st period - Stopped by Jimmy Howard without a rebound.
17:28 of 1st period - Radek Faksa wins face-off versus Matt Stajan in Blues zone.
17:33 of 1st period - Shot by Gustav Nyquist.
17:33 of 1st period - Shot Misses the Net.
17:41 of 1st period - Jason Chimera is hit by Radek Faksa.
17:55 of 1st period - Shot by Mikkel Boedker.
17:55 of 1st period - Shot Misses the Net.
18:39 of 1st period - Shot by Chris Wagner.
18:39 of 1st period - Stopped by Craig Anderson without a rebound.
18:40 of 1st period - Alexander Wennberg wins face-off versus Pierre-Edouard Bellemare in Senators zone.
18:40 of 1st period - Alexander Wennberg is hit by Colin Wilson.
19:16 of 1st period - Shot by Patrick Kane.
19:16 of 1st period - Stopped by Jimmy Howard with a rebound.
19:31 of 1st period - Icing by Alexander Wennberg.
19:32 of 1st period - Alexander Wennberg wins face-off versus Mike Fisher in Senators zone.
19:32 of 1st period - Alexander Wennberg is hit by Chris Wagner.
19:59 of 1st period - Minor Penalty to Kevan Miller for Cross-checking.
Goals for this period are 0 for Blues vs 1 for Senators.
Shots for this period are 5 for Blues vs 12 for Senators.

2nd period


0:01 of 2nd period - Rickard Rakell wins face-off versus Pierre-Edouard Bellemare in neutral zone.
0:16 of 2nd period - Shot by Eric Staal.
0:16 of 2nd period - Shot Misses the Net.
0:18 of 2nd period - Shot by Rickard Rakell.
0:18 of 2nd period - Goal by Rickard Rakell - Blues : 0 - Senators : 2.
0:19 of 2nd period - Radek Faksa wins face-off versus Daniel Winnik in neutral zone.
0:19 of 2nd period - Greg Pateryn is hit by Connor Brown and loses puck.
0:23 of 2nd period - Minor Penalty to Justin Falk for Tripping.
0:24 of 2nd period - Radek Faksa wins face-off versus Matt Stajan in Senators zone.
0:39 of 2nd period - Shot by Johnny Boychuk.
0:39 of 2nd period - Shot Misses the Net.
0:41 of 2nd period - Shot by Johnny Boychuk.
0:41 of 2nd period - Stopped by Craig Anderson with a rebound.
0:43 of 2nd period - Shot by Kevan Miller.
0:43 of 2nd period - Stopped by Craig Anderson without a rebound.
0:44 of 2nd period - Adam Henrique wins face-off versus Matt Stajan in Senators zone.
0:48 of 2nd period - Chris Wagner is hit by Robert Hagg and loses puck.
1:15 of 2nd period - Shot by Derrick Pouliot.
1:15 of 2nd period - Stopped by Craig Anderson without a rebound.
1:16 of 2nd period - Daniel Winnik wins face-off versus Radek Faksa in Senators zone.
2:05 of 2nd period - Daniel Winnik is hit by Adam Henrique and loses puck.
2:12 of 2nd period - Shot by Adam Henrique.
2:12 of 2nd period - Shot Blocked by Jakob Chychrun.
2:14 of 2nd period - Shot by Thomas Hickey.
2:14 of 2nd period - Shot Blocked by Adam Larsson.
2:25 of 2nd period - Colin Wilson is hit by Ben Harpur and loses puck.
2:44 of 2nd period - Shot by Adam Henrique.
2:44 of 2nd period - Stopped by Craig Anderson without a rebound.
2:44 of 2nd period - Minor Penalty to Ben Harpur for Hooking.
2:45 of 2nd period - Matt Stajan wins face-off versus Radek Faksa in Senators zone.
2:45 of 2nd period - Robert Hagg is hit by Mikkel Boedker and loses puck.
2:50 of 2nd period - Shot by Gustav Nyquist.
2:50 of 2nd period - Shot Misses the Net.
2:52 of 2nd period - Shot by Radek Faksa.
2:52 of 2nd period - Shot Misses the Net.
2:54 of 2nd period - Shot by Radek Faksa.
2:54 of 2nd period - Goal by Radek Faksa - Blues : 1 - Senators : 2.
2:55 of 2nd period - Eric Staal wins face-off versus Chris Wagner in neutral zone.
2:55 of 2nd period - Eric Staal is hit by Chris Wagner.
3:26 of 2nd period - Minor Penalty to Robert Hagg for High sticking.
3:27 of 2nd period - Matt Stajan wins face-off versus Radek Faksa in Senators zone.
3:52 of 2nd period - Shot by Gustav Nyquist.
3:52 of 2nd period - Shot Misses the Net.
3:54 of 2nd period - Shot by Kevan Miller.
3:54 of 2nd period - Stopped by Craig Anderson with a rebound.
3:56 of 2nd period - Shot by Radek Faksa.
3:56 of 2nd period - Shot Misses the Net.
3:58 of 2nd period - Shot by Kevan Miller.
3:58 of 2nd period - Stopped by Craig Anderson without a rebound.
3:59 of 2nd period - Adam Henrique wins face-off versus Matt Stajan in Senators zone.
4:06 of 2nd period - Shot by Adam Henrique.
4:06 of 2nd period - Goal by Adam Henrique - Blues : 2 - Senators : 2.
4:07 of 2nd period - Eric Staal wins face-off versus Pierre-Edouard Bellemare in neutral zone.
4:09 of 2nd period - Mark Stone is hit by Derrick Pouliot.
4:11 of 2nd period - Shot by Eric Staal.
4:11 of 2nd period - Shot Misses the Net.
4:13 of 2nd period - Shot by Eric Staal.
4:13 of 2nd period - Goal by Eric Staal - Blues : 2 - Senators : 3.
4:14 of 2nd period - Eric Staal wins face-off versus Adam Henrique in neutral zone.
4:14 of 2nd period - Mark Stone is hit by Radek Faksa and loses puck.
4:25 of 2nd period - Shot by Mark Stone.
4:25 of 2nd period - Stopped by Jimmy Howard without a rebound.
4:26 of 2nd period - Alexander Wennberg wins face-off versus Mike Fisher in Blues zone.
4:26 of 2nd period - Alexander Wennberg is hit by Derrick Pouliot.
4:28 of 2nd period - Shot by Vladimir Tarasenko.
4:28 of 2nd period - Stopped by Jimmy Howard without a rebound.
4:29 of 2nd period - Eric Staal wins face-off versus Radek Faksa in Blues zone.
4:30 of 2nd period - Shot by Mark Stone.
4:30 of 2nd period - Stopped by Jimmy Howard without a rebound.
4:31 of 2nd period - Radek Faksa wins face-off versus Eric Staal in Blues zone.
5:12 of 2nd period - Shot by Eric Staal.
5:12 of 2nd period - Stopped by Jimmy Howard without a rebound.
5:13 of 2nd period - Kris Versteeg wins face-off versus Alexander Wennberg in Blues zone.
5:42 of 2nd period - Icing by Patrick Kane.
5:43 of 2nd period - Alexander Wennberg wins face-off versus Pierre-Edouard Bellemare in Senators zone.
5:48 of 2nd period - Shot by Vladimir Tarasenko.
5:48 of 2nd period - Stopped by Jimmy Howard with a rebound.
5:50 of 2nd period - Shot by Robert Hagg.
5:50 of 2nd period - Shot Blocked by Tobias Enstrom.
5:52 of 2nd period - Shot by Patrick Kane.
5:52 of 2nd period - Stopped by Jimmy Howard without a rebound.
5:53 of 2nd period - Eric Staal wins face-off versus Adam Henrique in Blues zone.
5:53 of 2nd period - Jakob Chychrun is hit by Kevan Miller and loses puck.
5:57 of 2nd period - Minor Penalty to Johnny Boychuk for Roughing.
5:58 of 2nd period - Eric Staal wins face-off versus Pierre-Edouard Bellemare in Blues zone.
7:02 of 2nd period - Shot by Robert Hagg.
7:02 of 2nd period - Stopped by Jimmy Howard without a rebound.
7:03 of 2nd period - Alexander Wennberg wins face-off versus Gustav Nyquist in Blues zone.
7:08 of 2nd period - Shot by Vladimir Tarasenko.
7:08 of 2nd period - Stopped by Jimmy Howard with a rebound.
7:10 of 2nd period - Shot by Alexander Wennberg.
7:10 of 2nd period - Shot Misses the Net.
7:28 of 2nd period - Shot by Alexander Wennberg.
7:28 of 2nd period - Stopped by Jimmy Howard without a rebound.
7:29 of 2nd period - Eric Staal wins face-off versus Pierre-Edouard Bellemare in Blues zone.
7:32 of 2nd period - Shot by Mark Stone.
7:32 of 2nd period - Stopped by Jimmy Howard without a rebound.
7:33 of 2nd period - Eric Staal wins face-off versus Pierre-Edouard Bellemare in Blues zone.
7:56 of 2nd period - Shot by Rickard Rakell.
7:56 of 2nd period - Shot Misses the Net.
7:58 of 2nd period - Shot by Connor Brown.
7:58 of 2nd period - Shot Misses the Net.
8:00 of 2nd period - Shot by Ben Harpur.
8:00 of 2nd period - Stopped by Jimmy Howard without a rebound.
8:01 of 2nd period - Alexander Wennberg wins face-off versus Radek Faksa in Blues zone.
8:02 of 2nd period - Shot by Vladimir Tarasenko.
8:02 of 2nd period - Stopped by Jimmy Howard without a rebound.
8:03 of 2nd period - Mikkel Boedker wins face-off versus Patrick Kane in Blues zone.
8:15 of 2nd period - Icing by Radek Faksa.
8:16 of 2nd period - Eric Staal wins face-off versus Radek Faksa in Blues zone.
8:18 of 2nd period - Rickard Rakell is hit by Kevan Miller and loses puck.
8:55 of 2nd period - Shot by Mark Stone.
8:55 of 2nd period - The goal is going for a video replay.
8:55 of 2nd period - The goal is refused.
8:56 of 2nd period - Mike Fisher wins face-off versus Alexander Wennberg in Blues zone.
8:58 of 2nd period - Icing by Derrick Pouliot.
8:59 of 2nd period - Chris Wagner wins face-off versus Daniel Winnik in Blues zone.
9:21 of 2nd period - Shot by Brian Gionta.
9:21 of 2nd period - Shot Misses the Net.
9:25 of 2nd period - Shot by Daniel Winnik.
9:25 of 2nd period - Stopped by Jimmy Howard without a rebound.
9:26 of 2nd period - Eric Staal wins face-off versus Pierre-Edouard Bellemare in Blues zone.
9:26 of 2nd period - Mark Stone is hit by Tobias Enstrom and loses puck.
9:57 of 2nd period - Icing by Adam Larsson.
9:58 of 2nd period - Radek Faksa wins face-off versus Eric Staal in Senators zone.
10:21 of 2nd period - Radek Faksa is hit by Adam Larsson and loses puck.
10:24 of 2nd period - Shot by Radek Faksa.
10:24 of 2nd period - Shot Misses the Net.
10:26 of 2nd period - Shot by Radek Faksa.
10:26 of 2nd period - Shot Blocked by Jakob Chychrun.
10:28 of 2nd period - Shot by Kevan Miller.
10:28 of 2nd period - Deflect By Gustav Nyquist.
10:28 of 2nd period - Shot Misses the Net.
10:34 of 2nd period - Shot by Radek Faksa.
10:34 of 2nd period - Shot Blocked by Adam Larsson.
10:36 of 2nd period - Shot by Kevan Miller.
10:36 of 2nd period - Shot Misses the Net.
10:55 of 2nd period - Derrick Pouliot is hit by Rickard Rakell and loses puck.
11:02 of 2nd period - Shot by Mike Fisher.
11:02 of 2nd period - Shot Misses the Net.
11:04 of 2nd period - Shot by Mike Fisher.
11:04 of 2nd period - Stopped by Craig Anderson with a rebound.
11:12 of 2nd period - Shot by Kris Versteeg.
11:12 of 2nd period - Stopped by Craig Anderson without a rebound.
11:13 of 2nd period - Pierre-Edouard Bellemare wins face-off versus Alexander Wennberg in Senators zone.
11:19 of 2nd period - Pierre-Edouard Bellemare is hit by Robert Hagg and loses puck.
11:20 of 2nd period - Minor Penalty to Robert Hagg for Roughing.
11:21 of 2nd period - Matt Stajan wins face-off versus Mikkel Boedker in Senators zone.
11:34 of 2nd period - Shot by Johnny Boychuk.
11:34 of 2nd period - Shot Misses the Net.
11:46 of 2nd period - Shot by Jason Chimera.
11:46 of 2nd period - Stopped by Jimmy Howard without a rebound.
11:47 of 2nd period - Chris Wagner wins face-off versus Matt Stajan in Blues zone.
12:18 of 2nd period - Shot by Adam Henrique.
12:18 of 2nd period - Shot Blocked by Ben Harpur.
12:24 of 2nd period - Shot by Derrick Pouliot.
12:24 of 2nd period - Shot Blocked by Justin Falk.
12:37 of 2nd period - Icing by Radek Faksa.
12:38 of 2nd period - Radek Faksa wins face-off versus Daniel Winnik in Blues zone.
12:44 of 2nd period - Off-side.
12:45 of 2nd period - Radek Faksa wins face-off versus Daniel Winnik in neutral zone.
12:48 of 2nd period - Shot by Mikkel Boedker.
12:48 of 2nd period - Shot Blocked by Jakob Chychrun.
12:50 of 2nd period - Shot by Johnny Boychuk.
12:50 of 2nd period - Deflect By Gustav Nyquist.
12:50 of 2nd period - Shot Misses the Net.
12:54 of 2nd period - Shot by Mikkel Boedker.
12:54 of 2nd period - Stopped by Craig Anderson without a rebound.
12:55 of 2nd period - Adam Henrique wins face-off versus Daniel Winnik in Senators zone.
13:42 of 2nd period - Icing by Rickard Rakell.
13:43 of 2nd period - Eric Staal wins face-off versus Pierre-Edouard Bellemare in Senators zone.
13:52 of 2nd period - Shot by Rickard Rakell.
13:52 of 2nd period - Shot Misses the Net.
14:14 of 2nd period - Shot by Adam Henrique.
14:14 of 2nd period - Stopped by Craig Anderson without a rebound.
14:15 of 2nd period - Alexander Wennberg wins face-off versus Gustav Nyquist in Senators zone.
14:26 of 2nd period - Shot by Vladimir Tarasenko.
14:26 of 2nd period - Shot Blocked by Kevan Miller.
15:11 of 2nd period - Icing by Johnny Boychuk.
15:12 of 2nd period - Radek Faksa wins face-off versus Matt Stajan in Blues zone.
15:16 of 2nd period - Gustav Nyquist is hit by Jason Chimera.
15:37 of 2nd period - Off-side.
15:38 of 2nd period - Eric Staal wins face-off versus Pierre-Edouard Bellemare in neutral zone.
15:50 of 2nd period - Shot by Mark Stone.
15:50 of 2nd period - Goal by Mark Stone - Blues : 2 - Senators : 4.
15:51 of 2nd period - Mike Fisher wins face-off versus Alexander Wennberg in neutral zone.
15:58 of 2nd period - Shot by Chris Wagner.
15:58 of 2nd period - Stopped by Craig Anderson with a rebound.
17:16 of 2nd period - Shot by Rickard Rakell.
17:16 of 2nd period - Shot Blocked by Tobias Enstrom.
17:18 of 2nd period - Shot by Robert Hagg.
17:18 of 2nd period - Shot Misses the Net.
17:20 of 2nd period - Shot by Eric Staal.
17:20 of 2nd period - Deflect By Mark Stone.
17:20 of 2nd period - Shot Blocked by Tobias Enstrom.
17:20 of 2nd period - Tobias Enstrom from Blues is injured at 17:20 of 2nd period (Sports Hernia).
17:21 of 2nd period - Radek Faksa wins face-off versus Daniel Winnik in Blues zone.
17:21 of 2nd period - Radek Faksa is hit by Daniel Winnik.
17:42 of 2nd period - Off-side.
17:43 of 2nd period - Adam Henrique wins face-off versus Eric Staal in neutral zone.
17:43 of 2nd period - Adam Henrique is hit by Rickard Rakell.
18:00 of 2nd period - Shot by Mark Stone.
18:00 of 2nd period - Stopped by Jimmy Howard with a rebound.
18:02 of 2nd period - Shot by Rickard Rakell.
18:02 of 2nd period - Stopped by Jimmy Howard without a rebound.
18:03 of 2nd period - Mike Fisher wins face-off versus Daniel Winnik in Blues zone.
19:01 of 2nd period - Shot by Eric Staal.
19:01 of 2nd period - Stopped by Jimmy Howard with a rebound.
19:13 of 2nd period - Shot by Adam Henrique.
19:13 of 2nd period - Shot Misses the Net.
19:15 of 2nd period - Shot by Kevan Miller.
19:15 of 2nd period - Shot Misses the Net.
19:44 of 2nd period - Nathan Beaulieu is hit by Robert Hagg and loses puck.
Goals for this period are 2 for Blues vs 3 for Senators.
Shots for this period are 13 for Blues vs 21 for Senators.

3rd period


0:01 of 3rd period - Radek Faksa wins face-off versus Eric Staal in neutral zone.
0:57 of 3rd period - Shot by Patrick Kane.
0:57 of 3rd period - Stopped by Jimmy Howard without a rebound.
0:58 of 3rd period - Alexander Wennberg wins face-off versus Mike Fisher in Blues zone.
0:58 of 3rd period - Alexander Wennberg is hit by Thomas Hickey.
1:16 of 3rd period - Shot by Kris Versteeg.
1:16 of 3rd period - Stopped by Craig Anderson without a rebound.
1:17 of 3rd period - Pierre-Edouard Bellemare wins face-off versus Daniel Winnik in Senators zone.
1:17 of 3rd period - Pierre-Edouard Bellemare is hit by Ben Harpur.
1:25 of 3rd period - Shot by Adam Henrique.
1:25 of 3rd period - Stopped by Craig Anderson with a rebound.
1:42 of 3rd period - Connor Brown is hit by Kevan Miller and loses puck.
1:50 of 3rd period - Icing by Pierre-Edouard Bellemare.
1:51 of 3rd period - Eric Staal wins face-off versus Pierre-Edouard Bellemare in Blues zone.
1:54 of 3rd period - Shot by Rickard Rakell.
1:54 of 3rd period - Stopped by Jimmy Howard without a rebound.
1:55 of 3rd period - Mike Fisher wins face-off versus Rickard Rakell in Blues zone.
1:55 of 3rd period - Mike Fisher is hit by Rickard Rakell.
2:27 of 3rd period - Shot by Eric Staal.
2:27 of 3rd period - Shot Misses the Net.
3:11 of 3rd period - Shot by Vladimir Tarasenko.
3:11 of 3rd period - Stopped by Jimmy Howard without a rebound.
3:12 of 3rd period - Daniel Winnik wins face-off versus Pierre-Edouard Bellemare in Blues zone.
3:25 of 3rd period - Shot by Connor Brown.
3:25 of 3rd period - Deflect By Brian Gionta.
3:25 of 3rd period - Shot Hit the Post.
3:27 of 3rd period - Shot by Ben Harpur.
3:27 of 3rd period - Stopped by Jimmy Howard without a rebound.
3:28 of 3rd period - Alexander Wennberg wins face-off versus Radek Faksa in Blues zone.
3:35 of 3rd period - Shot by Robert Hagg.
3:35 of 3rd period - Shot Misses the Net.
3:37 of 3rd period - Shot by Robert Hagg.
3:37 of 3rd period - Stopped by Jimmy Howard without a rebound.
3:38 of 3rd period - Adam Henrique wins face-off versus Daniel Winnik in Blues zone.
3:40 of 3rd period - Icing by Radek Faksa.
3:41 of 3rd period - Adam Henrique wins face-off versus Eric Staal in Blues zone.
3:46 of 3rd period - Shot by Eric Staal.
3:46 of 3rd period - Shot Blocked by Johnny Boychuk.
4:03 of 3rd period - Icing by Johnny Boychuk.
4:04 of 3rd period - Vladimir Tarasenko wins face-off versus Adam Henrique in Blues zone.
4:11 of 3rd period - Shot by Patrick Kane.
4:11 of 3rd period - Stopped by Jimmy Howard without a rebound.
4:12 of 3rd period - Mike Fisher wins face-off versus Vladimir Tarasenko in Blues zone.
4:40 of 3rd period - Shot by Chris Wagner.
4:40 of 3rd period - Stopped by Craig Anderson with a rebound.
4:42 of 3rd period - Shot by Mike Fisher.
4:42 of 3rd period - Stopped by Craig Anderson without a rebound.
4:43 of 3rd period - Eric Staal wins face-off versus Radek Faksa in Senators zone.
4:43 of 3rd period - Eric Staal is hit by Mikkel Boedker.
4:48 of 3rd period - Icing by Mark Stone.
4:49 of 3rd period - Radek Faksa wins face-off versus Eric Staal in Senators zone.
5:22 of 3rd period - Icing by Mikkel Boedker.
5:23 of 3rd period - Mikkel Boedker wins face-off versus Alexander Wennberg in Blues zone.
5:51 of 3rd period - Thomas Hickey is hit by Patrick Kane and loses puck.
6:00 of 3rd period - Shot by Patrick Kane.
6:00 of 3rd period - Stopped by Jimmy Howard without a rebound.
6:01 of 3rd period - Eric Staal wins face-off versus Pierre-Edouard Bellemare in Blues zone.
6:03 of 3rd period - Rickard Rakell is hit by Nathan Beaulieu and loses puck.
6:04 of 3rd period - Minor Penalty to Greg Pateryn for Roughing.
6:05 of 3rd period - Pierre-Edouard Bellemare wins face-off versus Eric Staal in Blues zone.
6:20 of 3rd period - Shot by Eric Staal.
6:20 of 3rd period - Shot Misses the Net.
6:22 of 3rd period - Shot by Adam Larsson.
6:22 of 3rd period - Shot Blocked by Derrick Pouliot.
6:24 of 3rd period - Shot by Jakob Chychrun.
6:24 of 3rd period - Shot Misses the Net.
6:26 of 3rd period - Shot by Mark Stone.
6:26 of 3rd period - Shot Misses the Net.
6:44 of 3rd period - Shot by Mark Stone.
6:44 of 3rd period - Shot Blocked by Thomas Hickey.
6:46 of 3rd period - Shot by Rickard Rakell.
6:46 of 3rd period - Shot Misses the Net.
7:46 of 3rd period - Shot by Eric Staal.
7:46 of 3rd period - Shot Misses the Net.
8:06 of 3rd period - Shot by Rickard Rakell.
8:06 of 3rd period - Stopped by Jimmy Howard without a rebound.
8:07 of 3rd period - Adam Henrique wins face-off versus Daniel Winnik in Blues zone.
8:39 of 3rd period - Shot by Radek Faksa.
8:39 of 3rd period - Shot Blocked by Ben Harpur.
8:41 of 3rd period - Shot by Radek Faksa.
8:41 of 3rd period - Shot Misses the Net.
8:43 of 3rd period - Shot by Johnny Boychuk.
8:43 of 3rd period - Shot Misses the Net.
9:11 of 3rd period - Icing by Chris Wagner.
9:12 of 3rd period - Mike Fisher wins face-off versus Alexander Wennberg in Blues zone.
9:12 of 3rd period - Mike Fisher is hit by Robert Hagg.
9:31 of 3rd period - Patrick Kane is hit by Kevan Miller and loses puck.
10:00 of 3rd period - Icing by Kevan Miller.
10:01 of 3rd period - Mike Fisher wins face-off versus Eric Staal in Blues zone.
10:22 of 3rd period - Shot by Mikkel Boedker.
10:22 of 3rd period - Deflect By Gustav Nyquist.
10:22 of 3rd period - Shot Misses the Net.
10:24 of 3rd period - Shot by Johnny Boychuk.
10:24 of 3rd period - Stopped by Craig Anderson without a rebound.
10:25 of 3rd period - Adam Henrique wins face-off versus Matt Stajan in Senators zone.
10:44 of 3rd period - Shot by Jason Chimera.
10:44 of 3rd period - Stopped by Jimmy Howard with a rebound.
11:11 of 3rd period - Icing by Thomas Hickey.
11:12 of 3rd period - Adam Henrique wins face-off versus Eric Staal in Blues zone.
11:12 of 3rd period - Adam Henrique is hit by Rickard Rakell.
11:21 of 3rd period - Icing by Justin Falk.
11:22 of 3rd period - Eric Staal wins face-off versus Pierre-Edouard Bellemare in Senators zone.
11:37 of 3rd period - Shot by Mark Stone.
11:37 of 3rd period - Shot Blocked by Adam Henrique.
11:39 of 3rd period - Shot by Rickard Rakell.
11:39 of 3rd period - Stopped by Jimmy Howard without a rebound.
11:40 of 3rd period - Chris Wagner wins face-off versus Patrick Kane in Blues zone.
11:51 of 3rd period - Shot by Kris Versteeg.
11:51 of 3rd period - Shot Misses the Net.
11:53 of 3rd period - Shot by Mike Fisher.
11:53 of 3rd period - Shot Blocked by Ben Harpur.
11:55 of 3rd period - Shot by Chris Wagner.
11:55 of 3rd period - Shot Misses the Net.
11:57 of 3rd period - Shot by Mike Fisher.
11:57 of 3rd period - Stopped by Craig Anderson without a rebound.
11:58 of 3rd period - Eric Staal wins face-off versus Radek Faksa in Senators zone.
11:58 of 3rd period - Eric Staal is hit by Gustav Nyquist.
13:20 of 3rd period - Shot by Alexander Wennberg.
13:20 of 3rd period - Shot Misses the Net.
13:30 of 3rd period - Shot by Vladimir Tarasenko.
13:30 of 3rd period - Shot Blocked by Derrick Pouliot.
14:04 of 3rd period - Shot by Connor Brown.
14:04 of 3rd period - Shot Misses the Net.
14:06 of 3rd period - Shot by Daniel Winnik.
14:06 of 3rd period - Shot Blocked by Thomas Hickey.
14:42 of 3rd period - Shot by Pierre-Edouard Bellemare.
14:42 of 3rd period - Shot Blocked by Jakob Chychrun.
14:44 of 3rd period - Shot by Pierre-Edouard Bellemare.
14:44 of 3rd period - Shot Blocked by Adam Larsson.
14:46 of 3rd period - Shot by Colin Wilson.
14:46 of 3rd period - Shot Blocked by Adam Larsson.
14:48 of 3rd period - Shot by Pierre-Edouard Bellemare.
14:48 of 3rd period - Stopped by Craig Anderson with a rebound.
15:06 of 3rd period - Shot by Radek Faksa.
15:06 of 3rd period - Stopped by Craig Anderson without a rebound.
15:07 of 3rd period - Eric Staal wins face-off versus Radek Faksa in Senators zone.
15:07 of 3rd period - Eric Staal is hit by Gustav Nyquist.
15:13 of 3rd period - Greg Pateryn is hit by Mark Stone.
15:32 of 3rd period - Minor Penalty to Rickard Rakell for Hooking.
15:33 of 3rd period - Radek Faksa wins face-off versus Matt Stajan in Senators zone.
16:02 of 3rd period - Shot by Radek Faksa.
16:02 of 3rd period - Stopped by Craig Anderson without a rebound.
16:03 of 3rd period - Adam Henrique wins face-off versus Daniel Winnik in Senators zone.
16:58 of 3rd period - Shot by Thomas Hickey.
16:58 of 3rd period - Stopped by Craig Anderson without a rebound.
16:59 of 3rd period - Adam Henrique wins face-off versus Matt Stajan in Senators zone.
17:10 of 3rd period - Shot by Adam Henrique.
17:10 of 3rd period - Stopped by Craig Anderson with a rebound.
17:12 of 3rd period - Shot by Kris Versteeg.
17:12 of 3rd period - Shot Misses the Net.
17:14 of 3rd period - Shot by Adam Henrique.
17:14 of 3rd period - Stopped by Craig Anderson without a rebound.
17:15 of 3rd period - Daniel Winnik wins face-off versus Adam Henrique in Senators zone.
17:49 of 3rd period - Icing by Adam Henrique.
17:50 of 3rd period - Eric Staal wins face-off versus Pierre-Edouard Bellemare in Blues zone.
17:50 of 3rd period - Eric Staal is hit by Kevan Miller.
17:57 of 3rd period - Mark Stone is hit by Kevan Miller and loses puck.
18:04 of 3rd period - Shot by Adam Henrique.
18:04 of 3rd period - Stopped by Craig Anderson with a rebound.
18:19 of 3rd period - Icing by Mark Stone.
18:20 of 3rd period - Eric Staal wins face-off versus Radek Faksa in Senators zone.
18:25 of 3rd period - Shot by Mark Stone.
18:25 of 3rd period - Shot Misses the Net.
19:28 of 3rd period - Shot by Mike Fisher.
19:28 of 3rd period - Goal by Mike Fisher - Blues : 3 - Senators : 4.
19:29 of 3rd period - Radek Faksa wins face-off versus Alexander Wennberg in neutral zone.
19:31 of 3rd period - Gustav Nyquist is hit by Adam Larsson and loses puck.
19:34 of 3rd period - Blues, Jimmy Howard is pulled from the net.
19:36 of 3rd period - Shot by Gustav Nyquist.
19:36 of 3rd period - Shot Hit the Post.
19:41 of 3rd period - Minor Penalty to Adam Larsson for Roughing.
19:42 of 3rd period - Matt Stajan wins face-off versus Adam Henrique in Senators zone.
19:42 of 3rd period - Matt Stajan is hit by Chris Wagner.
Goals for this period are 1 for Blues vs 0 for Senators.
Shots for this period are 14 for Blues vs 10 for Senators.